TOP OF THE 1ST |
Riverside Red Bulls batting - Pitching for Menlo Maniacs : LHP Raúl Fernández
|
Pitching: LHP Raúl Fernández
|
|
Batting: RHB Fernando Bórquez
|
0-0: Ball 1-0: Ball 2-0: Called Strike 2-1: Ball 3-1: Ground out 6-3 (Groundball, 6)
|
Batting: RHB Lakota O'Reilly
|
0-0: Called Strike 0-1: Ball 1-1: Foul Ball, location: 2F 1-2: Foul Ball, location: 2F 1-2: Foul Ball, location: 2F 1-2: Foul Ball, location: 2F 1-2: Foul Ball, location: 2F 1-2: Foul Ball, location: 2F 1-2: Strikes out swinging wild pitch, reaches first!
|
Batting: RHB Brandon Pope
|
0-0: Ball 1-0: Ball 2-0: Ball 3-0: Called Strike 3-1: SINGLE (Line Drive, 6MD) Lakota O'Reilly to second
|
Batting: RHB Glenn Broadwater
|
0-0: Called Strike 0-1: Called Strike 0-2: Strikes out looking
|
Batting: LHB William Wolf
|
0-0: Called Strike 0-1: Ball 1-1: Foul Ball, location: 2F 1-2: Ball 2-2: DOUBLE (Flyball, 89XD) Lakota O'Reilly scores Brandon Pope to third Runner from 3rd tries for Home, SAFE, no throw
|
Batting: RHB Patrick Daniels
|
0-0: Fly out, F4 (Popup, 4S)
|
Top of the 1st over - 2 run(s), 2 hit(s), 0 error(s), 1 left on base; Riverside 2 - Menlo 0 |
BOTTOM OF THE 1ST |
Menlo Maniacs batting - Pitching for Riverside Red Bulls : LHP Alberto Pagán
|
Pitching: LHP Alberto Pagán
|
|
Batting: RHB Manuel Alonso
|
0-0: Called Strike 0-1: Ground out 6-3 (Groundball, 6)
|
Batting: RHB Clinton Barton
|
0-0: Swinging Strike 0-1: Called Strike 0-2: Strikes out swinging, 2-3 out at first.
|
Batting: LHB Tim Ramsey
|
0-0: Called Strike 0-1: Called Strike 0-2: Fly out, F5 (Line Drive, 56S)
|
Bottom of the 1st over - 0 run(s), 0 hit(s), 0 error(s), 0 left on base; Riverside 2 - Menlo 0 |
TOP OF THE 2ND |
Riverside Red Bulls batting - Pitching for Menlo Maniacs : LHP Raúl Fernández
|
Batting: RHB Adam Davis
|
0-0: Called Strike 0-1: Called Strike 0-2: Ball 1-2: Ball 2-2: Foul Ball, location: 2F 2-2: Foul Ball, location: 2F 2-2: Strikes out looking
|
Batting: RHB Robert Stevens
|
0-0: Fly out, F9 (Flyball, 9S)
|
Batting: RHB Gilberto Tovar
|
0-0: Called Strike 0-1: Ball 1-1: Swinging Strike 1-2: Ground out 4-3 (Groundball, 4)
|
Top of the 2nd over - 0 run(s), 0 hit(s), 0 error(s), 0 left on base; Riverside 2 - Menlo 0 |
BOTTOM OF THE 2ND |
Menlo Maniacs batting - Pitching for Riverside Red Bulls : LHP Alberto Pagán
|
Batting: RHB Gilberto León
|
0-0: Ground out 6-3 (Groundball, 6)
|
Batting: LHB Robby Lawson
|
0-0: Ball 1-0: Foul Ball, location: 2F 1-1: Called Strike 1-2: Ground out 4-3 (Groundball, 4)
|
Batting: LHB Tristan Walker
|
0-0: Called Strike 0-1: Ball 1-1: Ball 2-1: Ball 3-1: Base on Balls
|
Batting: RHB Vaughan Price
|
0-0: Ball 1-0: Ball 2-0: Called Strike 2-1: Fly out, F9 (Line Drive, 9)
|
Bottom of the 2nd over - 0 run(s), 0 hit(s), 0 error(s), 1 left on base; Riverside 2 - Menlo 0 |
TOP OF THE 3RD |
Riverside Red Bulls batting - Pitching for Menlo Maniacs : LHP Raúl Fernández
|
Batting: RHB Fernando Bórquez
|
0-0: Ground out 5-3 (Groundball, 56)
|
Batting: RHB Lakota O'Reilly
|
0-0: Ball 1-0: Called Strike 1-1: Foul Ball, location: 2F 1-2: Ball 2-2: Ground out 6-3 (Groundball, 6)
|
Batting: RHB Brandon Pope
|
0-0: Ball 1-0: Ball 2-0: Ball 3-0: Base on Balls
|
Batting: RHB Glenn Broadwater
|
0-0: Called Strike 0-1: Foul Ball, location: 2F 0-2: Ball 1-2: Ball 2-2: SINGLE (Line Drive, 6MD) Brandon Pope to second
|
Batting: LHB William Wolf
|
0-0: Ball 1-0: Swinging Strike 1-1: Swinging Strike 1-2: Strikes out swinging
|
Top of the 3rd over - 0 run(s), 1 hit(s), 0 error(s), 2 left on base; Riverside 2 - Menlo 0 |
BOTTOM OF THE 3RD |
Menlo Maniacs batting - Pitching for Riverside Red Bulls : LHP Alberto Pagán
|
Batting: LHB Bernardo Rodríguez
|
0-0: Called Strike 0-1: Ball 1-1: Foul Ball, location: 2F 1-2: Ball 2-2: Foul Ball, location: 2F 2-2: Strikes out swinging
|
Batting: RHB Miguel González
|
0-0: Ball 1-0: Ball 2-0: Ball 3-0: Base on Balls
|
Batting: RHB Manuel Alonso
|
0-0: Called Strike 0-1: Ball 1-1: Ball 2-1: Foul Ball, location: 2F 2-2: Strikes out looking
|
Batting: RHB Clinton Barton
|
0-0: Ball 1-0: Fly out, F4 (Popup, 4MD)
|
Bottom of the 3rd over - 0 run(s), 0 hit(s), 0 error(s), 1 left on base; Riverside 2 - Menlo 0 |
TOP OF THE 4TH |
Riverside Red Bulls batting - Pitching for Menlo Maniacs : LHP Raúl Fernández
|
Batting: RHB Patrick Daniels
|
0-0: Swinging Strike 0-1: Ball 1-1: Ground out 4-3 (Groundball, 4)
|
Batting: RHB Adam Davis
|
0-0: Called Strike 0-1: Ball 1-1: Ball 2-1: Swinging Strike 2-2: Strikes out swinging
|
Batting: RHB Robert Stevens
|
0-0: Ball 1-0: Ball 2-0: Swinging Strike 2-1: Ball 3-1: Called Strike 3-2: Base on Balls
|
Batting: RHB Gilberto Tovar
|
0-0: DOUBLE (Groundball, 5L) Robert Stevens to third
|
Batting: RHB Fernando Bórquez
|
0-0: Ball 1-0: Fly out, F5 (Line Drive, 5L)
|
Top of the 4th over - 0 run(s), 1 hit(s), 0 error(s), 2 left on base; Riverside 2 - Menlo 0 |
BOTTOM OF THE 4TH |
Menlo Maniacs batting - Pitching for Riverside Red Bulls : LHP Alberto Pagán
|
Batting: LHB Tim Ramsey
|
0-0: Ball 1-0: SINGLE (Line Drive, 89S)
|
Batting: RHB Gilberto León
|
0-0: Reached on error, E5 (Groundball, 25) Tim Ramsey to second
|
Batting: LHB Robby Lawson
|
0-0: Ball 1-0: Ball 2-0: Ball 3-0: Base on Balls Tim Ramsey to third Gilberto León to second
|
Batting: LHB Tristan Walker
|
0-0: Foul Ball, location: 2F 0-1: Swinging Strike 0-2: Foul Ball, location: 2F 0-2: Ball 1-2: Ball 2-2: Strikes out swinging
|
Batting: RHB Vaughan Price
|
0-0: Foul Ball, location: 2F 0-1: Ball 1-1: Swinging Strike 1-2: Grounds into double play, 4-6-3 (Groundball, 4)
|
Bottom of the 4th over - 0 run(s), 1 hit(s), 1 error(s), 2 left on base; Riverside 2 - Menlo 0 |
TOP OF THE 5TH |
Riverside Red Bulls batting - Pitching for Menlo Maniacs : LHP Raúl Fernández
|
Batting: RHB Lakota O'Reilly
|
0-0: Ball 1-0: Fly out, F8 (Line Drive, 78M)
|
Batting: RHB Brandon Pope
|
0-0: Called Strike 0-1: Ground out 6-3 (Groundball, 6)
|
Batting: RHB Glenn Broadwater
|
0-0: Called Strike 0-1: Foul Ball, location: 2F 0-2: Foul Ball, location: 2F 0-2: Strikes out looking
|
Top of the 5th over - 0 run(s), 0 hit(s), 0 error(s), 0 left on base; Riverside 2 - Menlo 0 |
BOTTOM OF THE 5TH |
Menlo Maniacs batting - Pitching for Riverside Red Bulls : LHP Alberto Pagán
|
Batting: LHB Bernardo Rodríguez
|
0-0: Foul Ball, location: 2F 0-1: Ball 1-1: Ball 2-1: Fly out, F7 (Flyball, 7S)
|
Batting: RHB Miguel González
|
0-0: Ball 1-0: Fly out, F9 (Flyball, 9LM)
|
Batting: RHB Manuel Alonso
|
0-0: Fly out, F9 (Flyball, 9S)
|
Bottom of the 5th over - 0 run(s), 0 hit(s), 0 error(s), 0 left on base; Riverside 2 - Menlo 0 |
TOP OF THE 6TH |
Riverside Red Bulls batting - Pitching for Menlo Maniacs : LHP Raúl Fernández
|
Batting: LHB William Wolf
|
0-0: Foul Ball, location: 2F 0-1: Swinging Strike 0-2: Ball 1-2: Ball 2-2: Ball 3-2: Base on Balls
|
Batting: RHB Patrick Daniels
|
0-0: Ball 1-0: Ball 2-0: Foul Ball, location: 2F 2-1: Ball 3-1: Fly out, F7 (Flyball, 7D)
|
Pitching: RHP José Ramírez
|
|
Batting: RHB Adam Davis
|
0-0: SINGLE (Line Drive, 6) William Wolf to second
|
Batting: RHB Robert Stevens
|
0-0: Swinging Strike 0-1: Ball 1-1: Swinging Strike 1-2: Ball 2-2: Ball 3-2: Base on Balls William Wolf to third Adam Davis to second
|
Batting: RHB Gilberto Tovar
|
0-0: Called Strike 0-1: Called Strike 0-2: Ball 1-2: Foul Ball, location: 2F 1-2: Ball 2-2: DOUBLE (Line Drive, 7LD) William Wolf scores Adam Davis scores Robert Stevens to third Runner from 3rd tries for Home, throw and OUT! Gilberto Tovar to third
|
Batting: RHB Fernando Bórquez
|
0-0: Called Strike 0-1: Ball 1-1: Foul Ball, location: 2F 1-2: Ground out 1-3 (Groundball, 15)
|
Top of the 6th over - 2 run(s), 2 hit(s), 0 error(s), 1 left on base; Riverside 4 - Menlo 0 |
BOTTOM OF THE 6TH |
Menlo Maniacs batting - Pitching for Riverside Red Bulls : LHP Alberto Pagán
|
Batting: RHB Clinton Barton
|
0-0: Ball 1-0: Foul Ball, location: 2F 1-1: Ball 2-1: Foul Ball, location: 2F 2-2: Foul Ball, location: 2F 2-2: Foul Ball, location: 2F 2-2: Ball 3-2: Foul Ball, location: 2F 3-2: Base on Balls
|
Batting: LHB Tim Ramsey
|
0-0: Ball 1-0: Ball 2-0: Swinging Strike 2-1: Ball 3-1: Base on Balls Clinton Barton to second
|
Batting: RHB Gilberto León
|
0-0: SINGLE (Flyball, 8RS) Clinton Barton to third Tim Ramsey to second Runner from 3rd tries for Home, SAFE, no throw
|
Batting: LHB Robby Lawson
|
0-0: Called Strike 0-1: Swinging Strike 0-2: Ball 1-2: Foul Ball, location: 2F 1-2: Strikes out swinging
|
Batting: LHB Tristan Walker
|
0-0: Called Strike 0-1: Fly out, F6 (Popup, 6D)
|
Batting: RHB Vaughan Price
|
0-0: Ball 1-0: Ground out U3 (Groundball, 34)
|
Bottom of the 6th over - 1 run(s), 1 hit(s), 0 error(s), 2 left on base; Riverside 4 - Menlo 1 |
TOP OF THE 7TH |
Riverside Red Bulls batting - Pitching for Menlo Maniacs : RHP José Ramírez
|
Batting: RHB Lakota O'Reilly
|
0-0: Ball 1-0: Swinging Strike 1-1: SINGLE (Groundball, 34S) (infield hit)
|
Batting: RHB Brandon Pope
|
0-0: Foul Ball, location: 2F 0-1: Ball 1-1: Fly out, F9 (Flyball, 9D)
|
Batting: RHB Glenn Broadwater
|
0-0: Ball Lakota O'Reilly is caught stealing 2nd base 1-0: Called Strike 1-1: Swinging Strike 1-2: Foul Ball, location: 2F 1-2: Foul Ball, location: 2F 1-2: Foul Ball, location: 2F 1-2: Strikes out swinging
|
Top of the 7th over - 0 run(s), 1 hit(s), 0 error(s), 0 left on base; Riverside 4 - Menlo 1 |
BOTTOM OF THE 7TH |
Menlo Maniacs batting - Pitching for Riverside Red Bulls : LHP Alberto Pagán
|
Batting: LHB Bernardo Rodríguez
|
0-0: Foul Ball, location: 2F 0-1: Ground out 6-3 (Groundball, 56)
|
Batting: RHB Miguel González
|
0-0: Foul Ball, location: 2F 0-1: Ball 1-1: Ball 2-1: Foul Ball, location: 2F 2-2: SINGLE (Line Drive, 89M)
|
Batting: RHB Manuel Alonso
|
0-0: Ball 1-0: Ball 2-0: Ball 3-0: Called Strike 3-1: Foul Ball, location: 2F 3-2: Foul Ball, location: 2F 3-2: SINGLE (Line Drive, 5D) Miguel González to second Miguel González to third
|
Pitching: LHP Mitch Bennett
|
|
Batting: RHB Clinton Barton
|
0-0: Swinging Strike 0-1: DOUBLE (Line Drive, 78D) Miguel González scores Manuel Alonso to third
|
Pinch Hitting: RHB José Méndez
|
0-0: Fly out, F5 (Popup, 5S)
|
Batting: RHB Gilberto León
|
0-0: Ball 1-0: Called Strike 1-1: Swinging Strike 1-2: Ball 2-2: Strikes out looking
|
Bottom of the 7th over - 1 run(s), 3 hit(s), 0 error(s), 2 left on base; Riverside 4 - Menlo 2 |
TOP OF THE 8TH |
Riverside Red Bulls batting - Pitching for Menlo Maniacs : RHP José Ramírez
|
Now in RF: Frank Young
|
|
Batting: LHB William Wolf
|
0-0: Ball 1-0: Fly out, F8 (Flyball, 8LS)
|
Batting: RHB Patrick Daniels
|
0-0: Ball 1-0: Ball 2-0: Ball 3-0: Base on Balls
|
Batting: RHB Adam Davis
|
0-0: Foul Ball, location: 2F 0-1: Ball 1-1: Called Strike 1-2: DOUBLE (Flyball, 7D) Patrick Daniels to third
|
Batting: RHB Robert Stevens
|
0-0: Intentional Walk
|
Pitching: RHP Gerard Gustafson
|
|
Pinch Hitting: RHB Luis Bustamante
|
0-0: Called Strike 0-1: Ball 1-1: DOUBLE (Line Drive, 8LD) Patrick Daniels scores Adam Davis scores Robert Stevens to third
|
Batting: RHB Fernando Bórquez
|
0-0: Ball 1-0: Foul Ball, location: 2F 1-1: SINGLE (Groundball, 6MD) Robert Stevens scores Luis Bustamante to third
|
Batting: RHB Lakota O'Reilly
|
Balk! Luis Bustamante scores Fernando Bórquez to second 0-0: Called Strike 0-1: SINGLE (Groundball, 4D) Fernando Bórquez to third Runner from 3rd tries for Home, SAFE, no throw
|
Batting: RHB Brandon Pope
|
0-0: Ball Lakota O'Reilly steals 2nd base 1-0: Ball Lakota O'Reilly steals 3rd base 2-0: Ball 3-0: Base on Balls
|
Batting: RHB Glenn Broadwater
|
Balk! Lakota O'Reilly scores Brandon Pope to second 0-0: Ball 1-0: Foul Ball, location: 2F 1-1: Ball 2-1: Ball 3-1: Called Strike 3-2: Foul Ball, location: 2F 3-2: Strikes out looking
|
Batting: LHB William Wolf
|
0-0: Ball 1-0: Ball 2-0: Ball 3-0: Called Strike 3-1: Base on Balls
|
Batting: RHB Patrick Daniels
|
0-0: Ball 1-0: Ball 2-0: Ball 3-0: Called Strike 3-1: SINGLE (Groundball, 6MD) Brandon Pope to third William Wolf to second Runner from 3rd tries for Home, SAFE, no throw
|
Pitching: RHP Wayne Todd
|
|
Batting: RHB Adam Davis
|
0-0: Called Strike 0-1: Ball 1-1: Swinging Strike 1-2: Strikes out looking
|
Top of the 8th over - 7 run(s), 5 hit(s), 0 error(s), 2 left on base; Riverside 11 - Menlo 2 |
BOTTOM OF THE 8TH |
Menlo Maniacs batting - Pitching for Riverside Red Bulls : LHP Mitch Bennett
|
Now at SS: Luis Flores
|
|
Batting: LHB Robby Lawson
|
0-0: SINGLE (Groundball, 56D)
|
Batting: LHB Tristan Walker
|
0-0: Ball 1-0: Ball 2-0: Ball 3-0: Base on Balls Robby Lawson to second
|
Batting: RHB Vaughan Price
|
0-0: Called Strike 0-1: Ball 1-1: Ball 2-1: Called Strike 2-2: Ball 3-2: Foul Ball, location: 2F 3-2: Grounds into double play, 4-6-3 (Groundball, 4) Robby Lawson to third
|
Batting: LHB Bernardo Rodríguez
|
0-0: Ball 1-0: Ball 2-0: Ball 3-0: Base on Balls
|
Batting: RHB Miguel González
|
0-0: Ball 1-0: Foul Ball, location: 2F 1-1: Swinging Strike 1-2: Ball 2-2: Ball 3-2: Base on Balls Bernardo Rodríguez to second
|
Batting: RHB Manuel Alonso
|
0-0: Ball 1-0: Called Strike 1-1: Called Strike 1-2: Strikes out looking
|
Bottom of the 8th over - 0 run(s), 1 hit(s), 0 error(s), 3 left on base; Riverside 11 - Menlo 2 |
TOP OF THE 9TH |
Riverside Red Bulls batting - Pitching for Menlo Maniacs : RHP Wayne Todd
|
Batting: RHB Robert Stevens
|
0-0: Called Strike 0-1: Foul Ball, location: 2F 0-2: Ball 1-2: Strikes out swinging
|
Batting: RHB Luis Flores
|
0-0: SINGLE (Groundball, 6S) (infield hit)
|
Batting: RHB Fernando Bórquez
|
0-0: Ball 1-0: Ball 2-0: Called Strike 2-1: Ball 3-1: Called Strike 3-2: Foul Ball, location: 2F 3-2: Base on Balls Luis Flores to second
|
Pinch Hitting: SHB Richard Griffin
|
0-0: Ball 1-0: Foul Ball, location: 2F 1-1: Ball 2-1: Ball 3-1: Foul Ball, location: 2F 3-2: Base on Balls Luis Flores to third Fernando Bórquez to second
|
Batting: RHB Brandon Pope
|
0-0: Called Strike 0-1: Ball 1-1: Ball 2-1: Ball 3-1: Foul Ball, location: 2F 3-2: Base on Balls Luis Flores scores Fernando Bórquez to third Richard Griffin to second
|
Pinch Hitting: SHB Enrique Uribe
|
0-0: Fly out, F7 (Flyball, 7LMF) Runner from 3rd tags up, SCORES, no throw
|
Batting: LHB William Wolf
|
0-0: Foul Ball, location: 2F 0-1: Ball 1-1: Ball 2-1: Foul Ball, location: 2F 2-2: Foul Ball, location: 2F 2-2: Foul Ball, location: 2F 2-2: Foul Ball, location: 2F 2-2: Ground out U3 (Groundball, 3)
|
Top of the 9th over - 2 run(s), 1 hit(s), 0 error(s), 2 left on base; Riverside 13 - Menlo 2 |
BOTTOM OF THE 9TH |
Menlo Maniacs batting - Pitching for Riverside Red Bulls : LHP Mitch Bennett
|
Now at 3B: Richard Griffin
|
|
Now in RF: Enrique Uribe
|
|
Batting: RHB Clinton Barton
|
0-0: Ball 1-0: Ball 2-0: Ball 3-0: Base on Balls
|
Batting: LHB Frank Young
|
0-0: Foul Ball, location: 2F 0-1: Ball 1-1: Called Strike 1-2: Ball 2-2: Ball 3-2: Fly out, F9 (Flyball, 89M)
|
Batting: RHB Gilberto León
|
|
Pinch Hitting: RHB Jason Blair
|
0-0: Ball 1-0: Ball 2-0: Ball 3-0: Base on Balls Clinton Barton to second
|
Batting: LHB Robby Lawson
|
0-0: Swinging Strike 0-1: Foul Ball, location: 2F 0-2: Strikes out swinging
|
Batting: LHB Tristan Walker
|
0-0: Called Strike 0-1: Swinging Strike 0-2: Strikes out swinging
|
Bottom of the 9th over - 0 run(s), 0 hit(s), 0 error(s), 2 left on base; Riverside 13 - Menlo 2 |
|